 Dungeon Crawl Stone Soup version 0.28.0-53-g5a82cb258f (webtiles) character file.

Game seed: 9641121010889449003

140 protoss039 the Digger (level 5, -5/39 HPs)
             Began as a Demonspawn Earth Elementalist on June 2, 2022.
             Slain by an iguana (8 damage)
             ... on level 4 of the Dungeon.
             The game lasted 00:05:25 (3269 turns).

protoss039 the Digger (DsEE)                        Turns: 3269, Time: 00:05:26

Health: -5/39      AC:  6    Str: 14    XL:     5   Next: 2%
Magic:  2/9        EV: 11    Int: 18    God:
Gold:   30         SH:  0    Dex: 14    Spells: 3/9 levels left

rFire   + . .      SeeInvis .   j - +0 spear
rCold   . . .      Faith    .   (no shield)
rNeg    + . .      Spirit   .   a - +1 leather armour {rF+}
rPois   .          Reflect  .   (no helmet)
rElec   .          Harm     .   (no cloak)
rCorr   .          Rampage  .   (no gloves)
Will    .....                   n - +1 pair of boots
Stlth   ++........              (no amulet)
HPRegen 0.13/turn               l - +6 ring of strength
MPRegen 0.11/turn               m - ring of positive energy

@: mighty
A: hooves 1, powered by pain 2
a: no special abilities


You were on level 4 of the Dungeon.
You visited 1 branch of the dungeon, and saw 4 of its levels.

You collected 30 gold pieces.

Inventory:

Hand Weapons
 j - a +0 spear (weapon)
Missiles
 c - 30 stones
Armour
 a - a +1 leather armour of fire resistance (worn)
 n - a +1 pair of boots (worn)
Jewellery
 l - a +6 ring of strength (left hand)
 m - a ring of positive energy (right hand)
Scrolls
 d - a scroll of magic mapping
 g - 3 scrolls of identify
 h - a scroll of amnesia
 i - a scroll of fog {unknown}
 p - a scroll of noise {unknown}
 q - a scroll of blinking {unknown}
Potions
 b - a potion of degeneration {unknown}
 e - 2 potions of magic {unknown}
 f - a potion of curing {unknown}
 k - 2 potions of cancellation {unknown}


   Skills:
 * Level 2.6 Fighting
 + Level 1.5 Armour
 - Level 1.7 Dodging
 - Level 1.7 Stealth
 + Level 2.7 Spellcasting
 * Level 0.9 Conjurations
 - Level 1.0 Transmutations
 + Level 3.3 Earth Magic


You had 3 spell levels left.
You knew the following spells:

 Your Spells              Type           Power      Damage    Failure   Level
a - Sandblast             Erth           28%        2d8       5%          1
b - Passwall              Tmut/Erth      8%         N/A       13%         2
c - Stone Arrow           Conj/Erth      20%        3d8       26%         3

Your spell library contained the following spells:

 Spells                   Type           Power      Damage    Failure   Level
 Petrify                  Tmut/Erth      10%        N/A       63%         4


Dungeon Overview and Level Annotations

Branches:
Dungeon (3/15)

Altars:
Qazlal
Yredelemnul

Shops:
D:2 :


Innate Abilities, Weirdness & Mutations

You have large cloven feet.
You sometimes gain power by taking damage.


Message History

You have reached level 5!
Your demonic ancestry asserts itself...
Your feet thicken and deform.
Unknown command.
You start resting.
An orc is nearby!
You hit the orc.
The orc is almost dead.
The orc hits you but does no damage.
You barely miss the orc.
The orc is almost dead.
The orc barely misses you.
You closely miss the orc.
The orc is almost dead.
An orc comes into view. It is wielding a +0 dagger.
The orc hits you with a +0 dagger.
You barely miss the orc.
The orc is almost dead.
The orc completely misses you.
You hit the orc.
You kill the orc!
Things that are here:
a +0 dagger; an orc corpse You hit the iguana but do no damage.
An orc comes into view. It is wielding a +0 club.
The iguana bites you!
You focus on the pain.
You feel very mighty all of a sudden.
You hit the iguana.
The iguana is lightly wounded.
The iguana bites you!
* * * LOW HITPOINT WARNING * * *
The iguana bites you.
* * * LOW HITPOINT WARNING * * *
You puncture the iguana!
The iguana is heavily wounded.
The iguana barely misses you.
You closely miss the iguana.
The iguana is heavily wounded.
The iguana bites you!
You die...

####.#.##..#
#.#.$...#.
#.#.....###.#######.
#.#.................
#.#.##########......
..#....# #...#......
#o##.# #....).....
#o##.#####.##.....
#l#......#.##.....
#@####.###.#######
#.# #..†..# #.#
####### ##.#####.#
#.$......#
##########


You could see an iguana and 2 orcs.

Vanquished Creatures
  An iguana (D:4)
  An adder (D:2)
  6 gnolls
  A worm (D:2)
  2 dart slugs
  An orc (D:4)
  A bat (D:2)
  3 endoplasms
  2 giant cockroaches (D:2)
  2 goblins
  6 hobgoblins
  A jackal (D:4)
  3 kobolds
  6 ball pythons
  4 frilled lizards
  3 rats
43 creatures vanquished.

Notes
Turn   | Place    | Note
-------+----------+-------------------------------------------
     0 | D:1      | protoss039 the Demonspawn Earth Elementalist began the
                  | quest for the Orb.
     0 | D:1      | Reached XP level 1. HP: 13/13 MP: 3/3
   196 | D:1      | Reached skill level 1 in Transmutations
   590 | D:1      | Found a faded altar of an unknown god.
   676 | D:1      | Gained mutation: You sometimes gain a little power by
                  | taking damage. [demonic ancestry]
   676 | D:1      | Reached XP level 2. HP: 16/20 MP: 1/5
  1048 | D:1      | Reached skill level 1 in Fighting
  1587 | D:2      | Found Muicw's Book Emporium.
  1765 | D:2      | Reached XP level 3. HP: 26/26 MP: 3/6
  1841 | D:2      | Reached skill level 3 in Earth Magic
  2020 | D:2      | Reached skill level 1 in Armour
  2109 | D:2      | Gained mutation: You sometimes gain power by taking damage.
                  | [demonic ancestry]
  2109 | D:2      | Reached XP level 4. HP: 33/33 MP: 4/7
  2680 | D:2      | Learned a level 2 spell: Passwall
  2684 | D:2      | Learned a level 3 spell: Stone Arrow
  3092 | D:3      | Found a basalt altar of Yredelemnul.
  3145 | D:3      | You fall into a shaft and drop 1 floor!
  3163 | D:4      | Found a stormy altar of Qazlal.
  3256 | D:4      | Gained mutation: You have large cloven feet. [demonic
                  | ancestry]
  3256 | D:4      | Reached XP level 5. HP: 21/39 MP: 0/9
  3269 | D:4      | Slain by an iguana

Illustrated notes

Levels and vault maps discovered:
D:1:      dpeg_arrival_round_a, layout_loops_ring,
          ebering_ecumenical_altar_abandoned, minmay_stone_trees_small,
          minivault_26
D:2:      minmay_evil_eye, layout_loops_corners, serial_shops, shop,
          kennysheep_boxes
D:3:      layout_rooms, yredelemnul_altar_generic, grunt_decor_arrowhead
D:4:      layout_basic, bloody_trog, amcnicky_altar_gilded,
          minmay_temple_entry_mini_moons, uniq_menkaure

Skill      XL: |  1  2  3 |
---------------+----------+-----
Transmutations | 1 |  1.0
Fighting       | 1 2 |  2.6
Earth Magic    | 3 |  3.3
Armour         | 1 |  1.5
Dodging        | |  1.7
Stealth        | |  1.7
Spellcasting   | |  2.7
Conjurations   | |  0.9

Action                   |  1- 3 |  4- 6 || total
-------------------------+-------+-------++-------
Melee: Unarmed           |    23 |       ||    23
       Punch             |     1 |     4 ||     5
       Spear             |    44 |    77 ||   121
       Club              |    15 |       ||    15
 Cast: Sandblast         |    23 |    16 ||    39
       Stone Arrow       |       |     3 ||     3
  Use: Scroll            |       |     2 ||     2
 Stab: Sleeping          |     3 |     1 ||     4
Armor: Leather armour    |    27 |    21 ||    48
Dodge: Dodged            |    43 |    42 ||    85
